AoeStats
← MLTreekicker

Black Forest

509485494Analyzed
4v4 RM · 7d ago on Sep 26, 2026· 64m 54s· 8 players
Game mode
Random Map
Map size
Large (8 player)
Population
200
Speed
Normal
Resources
Standard
Victory
Conquest
Starting age
Dark Age
Ending age
Imperial Age
RankedLock teamsTeams togetherTeam positionsShared explorationLock speedFull tech treeHidden civsTurbo modeCheats
Victory
Defeat
🇧🇷 Saracens · Brazil
1252
+11
🇧🇷 Mongols · Brazil
1219
+12
🇧🇷 Vikings · Brazil
1106
+17
🇧🇷 Portuguese · Brazil
1096
+17
🇵🇪 Burgundians · Peru
1156
-15
🇺🇸 Bohemians · United States
1152
-15
🇩🇰 Hindustanis · Denmark
1130
-38
🇨🇱 Georgians · Chile
1107
-13
MLTreekicker
9:24 Loom
13:01 Feudal Age
15:01 Double-Bit Axe
18:39 Castle Age
20:05 Bow Saw
19:41 Horse Collar
20:30 Heavy Plow
23:18 Chemistry
28:59 Fervor
33:31 Imperial Age
31:56 Ballistics
31:57 Fletching
32:08 Padded Archer Armor
33:10 Wheelbarrow
32:25 Town Watch
33:35 Bodkin Arrow
33:56 Leather Archer Armor
33:43 Scale Mail Armor
33:54 Forging
33:09 Pikeman
33:49 Squires
34:15 Houfnice
37:13 Bracer
37:43 Ring Archer Armor
37:29 Chain Mail Armor
36:43 Elite Skirmisher
38:17 Bombard Tower
38:04 Siege Engineers
38:10 Masonry
47:46 Halberdier
49:01 Plate Mail Armor
49:06 Iron Casting
51:11 Bombard Tower
52:48 Caravan
54:06 Two-Man Saw
61:32 Architecture
63:46 Wagenburg Tactics
64:04 Conscription
skepticart
11:13 Feudal Age
16:16 Castle Age
14:52 Double-Bit Axe
17:14 Bow Saw
18:32 Stone Mining
19:47 Fishing Lines
20:36 Man-at-Arms
25:36 Horse Collar
26:17 Heavy Plow
27:37 Bloodlines
27:46 Scale Barding Armor
27:51 Forging
28:47 Chain Barding Armor
29:22 Husbandry
31:00 Gold Mining
31:47 Stone Shaft Mining
31:54 Wheelbarrow
31:08 Town Watch
32:24 Grand Trunk Road
33:29 Gold Shaft Mining
35:38 Imperial Age
35:49 Heavy Camel Rider
37:12 Hand Cart
37:25 Shatagni
39:13 Chemistry
38:07 Elite Ghulam
38:55 Caravan
45:08 Conscription
44:54 Scale Mail Armor
45:04 Forging
44:55 Padded Archer Armor
45:58 Loom
45:51 Light Cavalry
48:24 Imperial Camel Rider
RSpartan18
7:27 Loom
8:27 Double-Bit Axe
13:09 Feudal Age
17:05 Castle Age
16:10 Bow Saw
17:41 Fletching
26:34 Squires
27:29 Bodkin Arrow
29:26 Wheelbarrow
30:25 Gold Mining
30:33 Man-at-Arms
30:58 Arson
32:40 Hand Cart
32:47 Long Swordsman
32:55 Pikeman
fabiangvillat
1:13 Loom
13:52 Feudal Age
17:56 Castle Age
16:14 Double-Bit Axe
22:24 Horse Collar
25:05 Bow Saw
27:59 Wheelbarrow
32:25 Imperial Age
30:31 Gold Mining
31:29 Hand Cart
31:09 Fletching
31:20 Padded Archer Armor
31:14 Guard Tower
31:46 Ballistics
31:16 Town Watch
32:45 Bodkin Arrow
33:08 Leather Archer Armor
33:47 Husbandry
34:54 Bracer
37:52 Keep
38:49 Parthian Tactics
40:28 Aznauri Cavalry
40:38 Bloodlines
41:20 Heavy Cavalry Archer
42:40 Conscription
43:23 Chemistry
46:13 Elite Skirmisher
49:11 Arrowslits
Siqueira
0:26 Loom
12:33 Feudal Age
19:31 Castle Age
18:09 Double-Bit Axe
19:35 Horse Collar
19:48 Stone Mining
24:38 Gold Mining
26:05 Heavy Plow
26:47 Fletching
31:09 Imperial Age
28:52 Town Watch
29:44 Bow Saw
31:03 Pikeman
33:31 Chemistry
32:54 Bodkin Arrow
37:38 Bracer
43:26 Elite Skirmisher
47:59 Forging
48:09 Padded Archer Armor
50:52 Leather Archer Armor
52:41 Ring Archer Armor
55:42 Wheelbarrow
59:47 Cavalier
60:51 Scale Mail Armor
60:58 Scale Barding Armor
62:06 Chain Barding Armor
61:46 Scale Mail Armor
DougSh4rK
1:04 Loom
13:15 Feudal Age
14:56 Man-at-Arms
19:24 Arson
21:05 Scale Mail Armor
21:16 Forging
24:56 Castle Age
29:56 Squires
30:59 Squires
42:30 Imperial Age
44:28 Horse Collar
45:52 Double-Bit Axe
47:02 Bow Saw
47:59 Conscription
48:25 Heavy Scorpion
48:39 Onager
50:24 Chemistry
49:18 Capped Ram
50:04 Elite Berserk
51:04 Conscription
53:26 Capped Ram
54:52 Siege Ram
darkdudu
3:46 Loom
11:54 Feudal Age
16:37 Castle Age
16:20 Horse Collar
16:29 Double-Bit Axe
18:27 Heavy Plow
19:23 Bow Saw
26:40 Stone Mining
26:40 Gold Mining
28:01 Fletching
28:12 Padded Archer Armor
28:27 Thumb Ring
29:32 Gold Shaft Mining
29:39 Stone Shaft Mining
30:16 Wheelbarrow
30:09 Ballistics
31:07 Hand Cart
34:31 Imperial Age
32:12 Bloodlines
32:04 Husbandry
32:06 Bodkin Arrow
32:27 Leather Archer Armor
34:34 Elite Mangudai
35:35 Drill
34:36 Onager
36:55 Chemistry
35:57 Bracer
36:25 Parthian Tactics
37:14 Caravan
38:07 Conscription
37:55 Siege Onager
39:39 Siege Engineers
40:59 Capped Ram
41:48 Siege Ram
Tilan Borrego
5:31 Loom
11:52 Feudal Age
12:34 Double-Bit Axe
15:20 Horse Collar
16:25 Fletching
23:44 Castle Age
22:56 Bloodlines
22:52 Scale Barding Armor
22:57 Forging
23:49 Forging
24:33 Padded Archer Armor
24:26 Gold Mining
25:29 Iron Casting
25:06 Husbandry
25:02 Crossbowman
26:35 Elite Skirmisher
29:30 Thumb Ring
30:21 Bow Saw
31:56 Heavy Plow
32:36 Wheelbarrow
33:14 Gold Shaft Mining
33:23 Chain Barding Armor
33:37 Light Cavalry
45:57 Imperial Age
43:46 Hand Cart
46:10 Hussar
47:27 Plate Barding Armor
48:29 Blast Furnace
49:58 Two-Man Saw
54:50 Conscription
58:36 Heavy Camel Rider
Connection lost

Rejoining the realm…

Still unreachable

The connection could not be restored.

Session expired

The server has moved on; the page needs a fresh start.